Map: Cactus Valley LE (Void)

Players

Raze - Winner!

  • Race: Terran Terran
  • Spawn Location: 1:00

CatZ

  • Race: Zerg Zerg
  • Spawn Location: 5:00

Event: WCS Austin 2017

VOD

Have the link to the VOD?

Description

Time

  • Played on: April 28, 2017, 6:25 p.m.
  • Length: 9:34

All games in this series

Show
View Real Time Build Order
Export as new Build Order

Raze Terran - Winner!

Build Orders:  

Get SALT Encoding   

  12  0:00  SCV  
  13  0:12  SCV  
  14  0:17  Supply Depot  
  14  0:25  SCV  
  15  0:38  SCV  
  15  0:39  Barracks  
  16  0:44  Refinery  
  16  0:50  SCV  
  17  0:59  Barracks  
  17  1:03  SCV  
  18  1:15  SCV  
  19  1:20  Barracks  
  19  1:28  Reaper  
  19  1:30  Refinery  
  20  1:43  Orbital Command  
  20  1:47  Reaper  
  21  1:56  Supply Depot  
  21  2:01  Reaper  
  22  2:10  Reaper  
  23  2:17  SCV  
  23  2:20  Reaper  
  23  2:21  Supply Depot  
  25  2:29  SCV  
  26  2:34  Reaper  
  27  2:42  Reaper  
  27  2:43  SCV  
  29  2:52  Reaper  
  29  2:55  SCV  
  31  3:10  Command Center  
  31  3:11  Reaper  
  32  3:15  Supply Depot, SCV  
  33  3:30  SCV  
  34  3:42  Reaper  
  34  3:46  SCV  
  34  3:47  Factory, Reaper  
  37  3:48  Reaper  
  38  4:01  SCV  
  39  4:04  Supply Depot  
  39  4:14  Reaper  
  40  4:19  Reaper  
  40  4:20  Reaper  
  40  4:21  SCV  
  43  4:25  Command Center  
  43  4:29  Orbital Command  
  43  4:42  Factory Tech Lab  
  43  4:43  Starport  
  43  4:45  SCV  
  44  4:46  Reaper  
  45  4:53  Reaper  
  45  4:54  SCV  
  47  5:05  Supply Depot  
  47  5:08  Supply Depot  
  47  5:09  SCV  
  47  5:10  Supply Depot  
  48  5:19  SCV  
  49  5:23  Factory Tech Lab  
  49  5:26  Marine x2  
  49  5:27  Marine  
  52  5:29  Cloaking Field  
  52  5:31  Banshee  
  52  5:33  SCV x2  
  58  5:45  SCV x2, Orbital Command  
  59  5:50  Marine  
  59  5:56  Siege Tank  
  63  5:57  Marine x2, SCV x2  
  63  6:02  Supply Depot  
  67  6:07  Refinery x2  
  67  6:09  SCV x2  
  67  6:11  Barracks Tech Lab  
  54  6:20  Banshee  
  54  6:21  Marine x2, SCV x2  
  61  6:25  Bunker x2  
  61  6:28  SCV  
  61  6:31  Bunker  
  62  6:33  Marine  
  62  6:34  SCV  
  62  6:36  Stimpack  
  62  6:38  Marine, SCV  
  62  6:39  Marine  
  67  6:40  SCV  
  67  6:46  SCV  
  69  6:50  SCV  
  69  6:53  Marine  
  68  6:55  SCV  
  68  6:56  Marine  
  68  6:58  SCV  
  68  6:59  Marine  
  62  7:03  Banshee  
  48  7:10  Marine  
  48  7:14  Marine  
  48  7:15  SCV x2  
  48  7:17  Marine  
  48  7:28  Marine  
  49  7:32  Marine  
  49  7:33  Siege Tank  
  49  7:34  SCV  
  49  7:35  Marine, SCV  
  56  7:40  Orbital Command  
  56  7:46  SCV  
  56  7:49  SCV  
  58  7:58  SCV  
  58  8:01  SCV  
  58  8:05  Siege Tank, Orbital Command  
  63  8:09  Barracks Reactor x2, Marine  
  63  8:11  SCV  
  65  8:13  SCV  
  66  8:23  SCV  
  66  8:26  SCV  
  68  8:27  Marine  
  68  8:33  SCV  
  70  8:35  SCV  
  70  8:38  SCV  
  72  8:42  Siege Tank  
  72  8:45  Marine x2  
  72  8:46  Marine  
  78  8:49  SCV  
  79  8:57  SCV  
  78  9:03  SCV x2  
  78  9:09  SCV  
  81  9:13  Engineering Bay x2  
  81  9:17  Barracks Reactor  
  81  9:21  Bunker  
  81  9:22  Supply Depot x2  
Show
View Real Time Build Order
Export as new Build Order

CatZ Zerg 

Build Orders: Hatch First 

Get SALT Encoding   

  12  0:00  Drone  
  13  0:12  Overlord  
  13  0:17  Drone  
  14  0:30  Drone x2  
  14  0:34  Drone  
  17  0:45  Drone  
  18  0:56  Hatchery  
  17  1:01  Drone  
  18  1:13  Spawning Pool  
  17  1:18  Drone  
  17  1:20  Drone  
  19  1:30  Drone  
  20  1:44  Hatchery  
  19  1:47  Drone  
  20  1:56  Extractor  
  19  2:01  Queen  
  19  2:03  Zergling x2  
  19  2:06  Overlord  
  22  2:12  Drone  
  22  2:13  Drone  
  24  2:21  Queen  
  26  2:26  Drone  
  26  2:29  Drone  
  28  2:32  Drone  
  29  2:38  Zergling x2  
  29  2:42  Queen  
  32  2:46  Zergling x2  
  33  2:52  Spine Crawler  
  33  2:56  Zergling x2  
  33  3:00  Drone  
  33  3:03  Metabolic Boost  
  34  3:09  Queen  
  34  3:29  Zergling x2  
  34  3:34  Zergling x4  
  32  3:44  Zergling x4  
  32  3:45  Zergling x10  
  38  3:49  Zergling x2  
  38  3:56  Zergling x6  
  38  3:57  Zergling x2  
  38  4:02  Zergling x4  
  39  4:06  Zergling x2  
  40  4:11  Zergling x4  
  40  4:24  Zergling x2  
  41  4:32  Zergling x2  
  42  4:44  Overlord, Baneling Nest  
  41  4:45  Zergling x2  
  39  4:54  Zergling x2  
  39  4:55  Zergling x4  
  39  4:58  Burrow, Pneumatized Carapace  
  41  5:02  Zergling x2  
  41  5:05  Zergling x2  
  43  5:10  Zergling x2  
  44  5:14  Zergling x6  
  44  5:15  Zergling x2  
  44  5:17  Zergling x6  
  44  5:20  Zergling x2  
  49  5:26  Overlord  
  49  5:37  Baneling x6  
  49  5:45  Zergling x10  
  54  5:58  Zergling x2  
  54  6:02  Zergling x2  
  54  6:03  Zergling x2  
  51  6:21  Overlord  
  51  6:22  Overlord  
  51  6:30  Baneling x6  
  51  6:37  Baneling  
  51  6:38  Overlord  
  51  6:39  Queen  
  53  6:43  Zergling x2  
  53  6:44  Zergling x4  
  55  6:49  Zergling x2  
  55  6:50  Zergling x6  
  55  6:54  Zergling x2  
  53  6:55  Zergling x2  
  53  7:00  Zergling x2  
  45  7:04  Drone  
  42  7:09  Drone  
  40  7:17  Baneling x2  
  40  7:21  Drone x7  
  32  7:39  Spore Crawler  
  27  8:02  Baneling  
  26  8:07  Drone  
  26  8:19  Drone  
  26  8:34  Drone  
  27  8:46  Drone x4  
  26  9:08  Drone  
  27  9:17  Drone  
Tags
 
Add a new tag
Caveats
  • Supply blocks, unpowered buildings, or Contaminate may cause inaccurate times.
  • Supply counts are checked every 10 seconds.